 Dungeon Crawl Stone Soup version 0.29-a0-23-ga79f92ac9c (webtiles) character file.

Game seed: 2803002356076530301

126429 Pin the Warrior (level 16, 0/204 HPs)
             Began as a Hill Orc Fighter on Jan 29, 2022.
             Was the Champion of Hepliaklqana.
             Slain by Saint Roka (17 damage)
             ... on level 2 of the Snake Pit on Jan 30, 2022.
             The game lasted 01:21:04 (24546 turns).

Pin the Warrior (Hill Orc Fighter)                 Turns: 24546, Time: 01:21:05

Health: 0/204      AC: 43    Str: 40    XL:     16   Next: 98%
Magic:  28/28      EV: 13    Int:  6    God:    Hepliaklqana [******]
Gold:   919        SH: 13    Dex: 16    Spells: 15/15 levels left

rFire   + . .      SeeInvis .   a - +6 war axe (vorpal)
rCold   . . .      Faith    .   S - +0 kite shield
rNeg    + . .      Spirit   .   R - +11 chain mail of the Present {+Inv rCorr Str+6 Int-2}
rPois   .          Reflect  .   J - +0 helmet
rElec   .          Harm     .   H - +0 cloak
rCorr   +          Rampage  .   f - +3 pair of gauntlets of War {Slay+5}
Will    ++...                   F - +2 pair of boots
Stlth   ..........              s - amulet of regeneration
HPRegen 1.24/turn               w - ring "Zual" {rF+ rN+ Will+ Str+3 Dex+6}
MPRegen 0.21/turn               P - ring of the Tortoise {AC+8}

@: berserking, very quick
A: reduced essence, strong 2
a: Renounce Religion, Convert to Beogh, Evoke Invisibility, Recall Ancestor,
Ancestor Identity, Transference, Idealise


You were on level 2 of the Snake Pit.
You worshipped Hepliaklqana.
Hepliaklqana was exalted by your worship.
You visited 4 branches of the dungeon, and saw 25 of its levels.
You also visited: Sewer.

You collected 3466 gold pieces.
You spent 2547 gold pieces at shops.

Inventory:

Hand Weapons
 a - a +6 vorpal war axe (weapon)
Armour
 f - the +3 pair of gauntlets of War (worn) {Slay+5}
   (You found it on level 9 of the Dungeon)

   Slay:      It affects your accuracy & damage with ranged weapons and melee
   (+5).
 F - a +2 pair of boots (worn)
 H - a +0 cloak (worn)
 I - a +2 plate armour of cold resistance
 J - a +0 helmet (worn)
 R - the +11 chain mail of the Present (worn) {+Inv rCorr Str+6 Int-2}
   (You bought it in a shop on level 2 of the Snake Pit)

   Str:       It affects your strength (+6).
   Int:       It affects your intelligence (-2).
   +Inv:      It lets you turn invisible.
   rCorr:     It protects you from acid and corrosion.
 S - a +0 kite shield (worn)
Jewellery
 n - a ring of protection from fire
 s - an amulet of regeneration (around neck)
 w - the ring "Zual" (left hand) {rF+ rN+ Will+ Str+3 Dex+6}
   (You acquired it on level 1 of the Lair of Beasts)

   [ring of positive energy]

   Str:       It affects your strength (+3).
   Dex:       It affects your dexterity (+6).
   rF:        It protects you from fire.
   rN:        It protects you from negative energy.
   Will:      It increases your willpower.
 G - a ring of protection from cold
 K - a ring of resist corrosion
 M - a ring of ice
 O - a ring of willpower
 P - the ring of the Tortoise (right hand) {AC+8}
   (You found it on level 1 of the Orcish Mines)

   [ring of protection]

   AC:        It affects your AC (+8).
Wands
 t - a wand of acid (14)
 u - a wand of digging (6)
 y - a wand of flame (32)
 z - a wand of polymorph (5)
 A - a wand of paralysis (27)
Scrolls
 e - 2 scrolls of blinking
 g - 4 scrolls of fear
 i - 2 scrolls of magic mapping
 l - 11 scrolls of teleportation
 v - 2 scrolls of amnesia
 x - 3 scrolls of fog
 B - a scroll of summoning
 E - 2 scrolls of holy word
 Q - a scroll of silence
Potions
 b - a potion of mutation
 d - 5 potions of might
 j - 4 potions of brilliance
 k - 8 potions of flight
 m - 5 potions of invisibility
 o - a potion of berserk rage
 p - 2 potions of lignification
 q - 7 potions of curing
 r - 6 potions of ambrosia
 C - 3 potions of resistance
 D - 2 potions of cancellation
 L - a potion of magic
 N - 3 potions of haste
Miscellaneous
 h - a phial of floods


   Skills:
 * Level 16.4 Fighting
 - Level 16.2 Axes
 + Level 14.6 Armour
 + Level 8.5 Dodging
 + Level 14.5 Shields
 - Level 16.2 Invocations


You had 15 spell levels left.
You didn't know any spells.
Your spell library contained the following spells:

 Spells                   Type           Power      Damage    Failure   Level
 Beastly Appendage        Tmut           0%         N/A       92%         1
 Freeze                   Ice            0%         1d3       92%         1
 Magic Dart               Conj           0%         1d3       92%         1
 Sandblast                Erth           0%         2d4       92%         1
 Slow                     Hex            0%         N/A       92%         1
 Sting                    Tmut/Pois      0%         1d3       92%         1
 Poisonous Vapours        Pois/Air       0%         N/A       98%         2
 Searing Ray              Conj           0%         2d4       98%         2
 Wereblood                Tmut           0%         N/A       98%         2
 Confusing Touch          Hex            0%         N/A       100%        3
 Frozen Ramparts          Ice            0%         1d2       100%        3
 Inner Flame              Hex/Fire       0%         N/A       100%        3
 Spider Form              Tmut/Pois      0%         N/A       100%        3
 Tukima's Dance           Hex            0%         N/A       100%        3
 Vampiric Draining        Necr           0%         2d6       100%        3
 Anguish                  Hex/Necr       0%         N/A       100%        4
 Cause Fear               Hex            0%         N/A       100%        4
 Fulminant Prism          Conj/Hex       0%         3d6       100%        4
 Hailstorm                Conj/Ice       0%         3d3       100%        4
 Leda's Liquefaction      Hex/Erth       0%         N/A       100%        4
 Olgreb's Toxic Radiance  Pois           0%         N/A       100%        4
 Lee's Rapid Deconstruct  Erth           0%         3d5*      100%        5
 Statue Form              Tmut/Erth      0%         N/A       100%        6
 Enfeeble                 Hex            0%         N/A       100%        7
 Discord                  Hex            0%         N/A       100%        8
 Chain Lightning          Conj/Air       0%         N/A       100%        9
 Fire Storm               Conj/Fire      0%         5d1       100%        9
 Shatter                  Erth           0%         3d5*      100%        9


Dungeon Overview and Level Annotations

Branches:
Dungeon (15/15)            Temple (0/1) D:7            Lair (6/6) D:9
 Shoals (0/4) Lair:4        Snake (2/4) Lair:2        Slime (0/5) Lair:6
    Orc (2/2) D:9             Elf (0/3) Orc:2        Vaults (0/5) D:13
 Depths (0/4) D:15          Sewer (visited)

Altars:
Dithmenos
Fedhas
Gozag
Hepliaklqana
Kikubaaqudgha
Makhleb
Okawaru
Ru
Sif Muna
Trog
Uskayaw
Xom
Yredelemnul
Beogh
Jiyva

Shops:
D:10 *   Orc:1 **   Orc:2 *=([*   Snake:1 ?(   Snake:2 *

Annotations:
Snake:2 Saint Roka


Innate Abilities, Weirdness & Mutations

Your life essence is reduced to manifest your ancestor. (-10% HP)
Your muscles are very strong. (Str +4)


Message History

Saint Roka shouts, "Join the one true god or die!"
Saint Roka invokes the aid of Beogh against you.
Beogh smites you!
* * * LOW HITPOINT WARNING * * *
You slice the ogre!!
You kill the ogre!
Saint Roka roars a battlecry!
The orcs go into a battle-frenzy!
You slice the orc!!
You kill the orc!
The orc priest looks encouraged for a moment.
Saint Roka calls down the wrath of Beogh upon you.
Beogh smites you!
* * * LOW HITPOINT WARNING * * *
A red film seems to cover your vision as you go berserk!
You feel yourself moving faster!
You feel mighty! The orc warrior closely misses you.
You slice the orc warrior!!
The orc warrior is almost dead.
The orc priest calls upon Beogh to heal the orc warrior.
The orc warrior is healed somewhat.
You slash the orc warrior!
You kill the orc warrior!
Saint Roka mumbles some strange prayers to Beogh against you.
Beogh smites you!
* * * LOW HITPOINT WARNING * * *
You block the orc priest's attack.
Items here: )) [[ †.
You slice the orc priest!!
You kill the orc priest!
You slash Saint Roka!
Saint Roka is lightly wounded.
You slice Saint Roka!!
Saint Roka is moderately wounded.
Saint Roka hits you with a +0 great sword.
* * * LOW HITPOINT WARNING * * *
You closely miss Saint Roka.
Saint Roka is moderately wounded.
Saint Roka hits you with a +0 great sword!
You die...

#....# #......# #.#..#
#####.## #.#..# #.# #..)>
#.# #####..#############.#
#####.)...)#........)..#.#
....o.o))..##.######.#.#.#
.####.o))#o##.# #.#[..#
#....#@##.# ##.######
....$..#.##.# #...#....
#....####.########...#####
#.... #..(..............
#!... #.####.....8.....#
#.... #.# ###.......###
### ###.∩.###
###.......###
##.....8.....#


You could see Saint Roka.

Vanquished Creatures
  Kirke (D:12)
  The ghost of Mockok the Thaumaturge, an adept HuCj of Sif Muna (D:14)
  A stone giant (Orc:1)
  The ghost of backslashecho the Severer, a journeyman MiCA of Ignis (Orc:2)
  An ironbound preserver (D:13)
  Nessos (Lair:4)
  Azrael (Snake:1)
  A dire elephant (Lair:6)
  5 ettins
  Josephine (Lair:5)
  4 hydras
  A catoblepas (Lair:6)
  A death knight (D:14)
  6 centaur warriors
  3 two-headed ogres
  The ghost of HallandMoats the Cleaver, a journeyman GrFi of Jiyva (D:9)
  10 death yaks
  A naga sharpshooter (Snake:1)
  Urug (Lair:5)
  A skeletal warrior (D:14)
  A naga ritualist (Snake:1)
  Pikel (D:6)
  An orc knight (Orc:2)
  2 lindwurms
  A phantasmal warrior (D:14)
  5 manticores
  An orc sorcerer (Orc:1)
  5 ugly things
  4 mana vipers (Snake:1)
  A wolf spider (D:15)
  A salamander (Snake:1)
  2 centaur zombies
  A moth of wrath (Orc:2)
  18 cyclopes
  9 elephants
  11 black mambas
  4 naga magi (Snake:1)
  2 gargoyles (D:11)
  A torpor snail (Lair:2)
  2 efreet
  Maggie (D:6)
  4 cane toads
  4 freezing wraiths (D:15)
  10 komodo dragons
  4 rime drakes
  3 tengu conjurers
  3 meliai (D:14)
  5 trolls
  A polar bear (Lair:6)
  3 slime creatures (D:13)
  30 blink frogs
  A queen bee (D:14)
  5 dream sheep (Lair:6)
  A jumping spider (shapeshifter) (D:14)
  Sigmund (D:6)
  28 yaks
  A culicivora (D:15)
  5 wraiths
  6 spriggans (Lair:3)
  3 wyverns
  2 fire elementals (Snake:1)
  A hog (D:12)
  A yak (shapeshifter) (D:13)
  10 basilisks
  2 redbacks (D:15)
  A steam dragon (D:6)
  Menkaure (D:4)
  8 nagas
  Edmund (D:6)
  7 wargs
  18 water moccasins
  2 sky beasts
  A black bear (Lair:4)
  14 orc warriors
  A swamp drake (Lair:6)
  11 ogres
  3 boggarts (D:14)
  8 wolves
  8 centaurs
  A phantom (D:6)
  A kobold brigand (D:9)
  7 bullfrogs
  A scorpion (D:5)
  22 killer bees
  2 howler monkeys (D:8)
  8 electric eels
  2 jellies (Lair:6)
  10 orc priests
  An iguana (Lair:6)
  A centaur skeleton (D:6)
  13 orc wizards
  A hell rat (Sewer)
  21 adders
  2 river rats (Sewer)
  2 white imps
  An ufetubus (D:4)
  A dart slug (D:1)
  52 orcs
  6 ball pythons
  4 bats
  A bat zombie (D:14)
  8 endoplasms
  5 goblins
  4 hobgoblins
  4 jackals
  7 kobolds
  A frilled lizard (D:1)
  8 rats
532 creatures vanquished.

Vanquished Creatures (collateral kills)
  A stone giant (Orc:2)
  A dire elephant (D:15)
  Snorg (D:13)
  A fire dragon (Lair:6)
  2 hydras
  A catoblepas (Lair:6)
  A death knight (D:15)
  4 two-headed ogres
  4 death yaks
  2 naga sharpshooters (Snake:1)
  Sonja (Lair:5)
  A naga ritualist (Snake:1)
  A deep troll (Orc:2)
  An orange crystal statue (D:10)
  A wizard (D:15)
  A swamp dragon (Lair:6)
  2 orc knights
  An orc sorcerer (Orc:1)
  An oklob plant (Lair:6)
  3 ugly things
  2 mana vipers (Snake:1)
  4 manticores
  A salamander (D:15)
  6 cyclopes
  A centaur zombie (D:11)
  5 black mambas
  2 elephants
  4 cane toads
  A naga mage (Snake:1)
  2 komodo dragons (Lair:6)
  An unseen horror (D:12)
  A rime drake (Lair:3)
  Psyche (D:12)
  A troll (D:9)
  A slime creature (D:13)
  5 blink frogs
  2 dream sheep (Lair:6)
  A shadow (D:11)
  A wraith (Lair:5)
  A vampire (D:12)
  2 wyverns
  11 yaks
  2 hogs (D:12)
  3 vampire mosquitoes (D:13)
  A basilisk (D:14)
  2 wargs
  6 nagas
  3 acid dragons
  3 hell hounds (Snake:1)
  9 water moccasins
  A hornet zombie (D:7)
  A sky beast (D:5)
  2 swamp drakes (Lair:6)
  6 orc warriors
  2 ice beasts
  A boggart (D:14)
  A wolf (Orc:1)
  3 ogres
  5 centaurs
  A lemure (D:6)
  A kobold brigand (D:11)
  8 killer bees
  A howler monkey (D:8)
  An electric eel (Lair:2)
  A jelly (Lair:6)
  4 hounds
  2 orc priests
  A bullfrog skeleton (D:7)
  10 orc wizards
  An iguana (Lair:6)
  A killer bee zombie (D:7)
  10 adders
  2 river rats (Sewer)
  A dart slug (D:5)
  29 orcs
  A giant cockroach (D:5)
  A goblin (D:1)
  A hobgoblin (D:4)
  A quokka (D:5)
  A ball python (D:4)
  3 kobolds
  A rat (Sewer)
221 creatures vanquished.

Vanquished Creatures (others)
  3 water moccasins (Lair:1)
  16 battlemagi
  21 fungi
  39 plants
79 creatures vanquished.

Grand Total: 832 creatures vanquished

Notes
Turn   | Place    | Note
-------+----------+-------------------------------------------
     0 | D:1      | Pin the Hill Orc Fighter began the quest for the Orb.
     0 | D:1      | Reached XP level 1. HP: 19/19 MP: 1/1
    83 | D:1      | Reached XP level 2. HP: 24/27 MP: 2/2
   205 | D:1      | Found a faded altar of an unknown god.
   214 | D:1      | Prayed at the altar of an unknown god.
   214 | D:1      | Became a worshipper of Hepliaklqana the Forgotten
   214 | D:1      | Reached * piety under Hepliaklqana
   762 | D:1      | Reached XP level 3. HP: 29/29 MP: 3/3
  1048 | D:2      | Noticed an ogre
  1052 | D:2      | Killed an ogre
  1053 | D:2      | Reached XP level 4. HP: 15/36 MP: 3/5
  1053 | D:2      | Reached XP level 5. HP: 18/42 MP: 3/6
  1648 | D:2      | Reached ** piety under Hepliaklqana
  1649 | D:2      | Remembered your ancestor Xochitl as a battlemage
  3018 | D:4      | Noticed an ogre
  3025 | D:4      | Killed an ogre
  3026 | D:4      | Reached XP level 6. HP: 49/49 MP: 6/8
  3047 | D:4      | Reached *** piety under Hepliaklqana
  3070 | D:4      | Reached skill level 5 in Fighting
  3667 | D:4      | Found a shadowy altar of Dithmenos.
  3668 | D:4      | Noticed a shadow
  3670 | D:4      | Found a hazy altar of Hepliaklqana.
  3738 | D:4      | Noticed Menkaure
  3745 | D:4      | Killed Menkaure
  3746 | D:4      | Reached skill level 5 in Axes
  3746 | D:4      | Reached XP level 7. HP: 16/54 MP: 9/9
  4094 | D:5      | Entered Level 5 of the Dungeon
  4100 | D:5      | Reached skill level 5 in Armour
  4356 | D:5      | Reached skill level 5 in Shields
  4393 | D:5      | Found a basalt altar of Yredelemnul.
  4433 | D:5      | Reached **** piety under Hepliaklqana
  4446 | D:5      | Found a glowing drain.
  4469 | Sewer    | Entered a sewer
  4720 | D:5      | Reached XP level 8. HP: 47/63 MP: 11/11
  4948 | D:6      | Noticed Maggie
  4957 | D:6      | Killed Maggie
  4958 | D:6      | Reached skill level 5 in Invocations
  5230 | D:6      | Noticed a +0 spear
  5231 | D:6      | Noticed a +0 dagger
  5231 | D:6      | Noticed a +0 short sword
  5231 | D:6      | Noticed a +0 spear
  5234 | D:6      | Noticed a +0 falchion
  5235 | D:6      | Noticed a +0 falchion
  5235 | D:6      | Noticed a +0 short sword
  5235 | D:6      | Noticed a +0 dagger
  5241 | D:6      | Found a hide-covered altar of Uskayaw.
  5254 | D:6      | Reached XP level 9. HP: 39/71 MP: 13/13
  5545 | D:6      | Noticed Edmund
  5549 | D:6      | Killed Edmund
  5627 | D:6      | Noticed Sigmund
  5633 | D:6      | Killed Sigmund
  6036 | D:6      | Noticed Pikel
  6041 | D:6      | Killed Pikel
  6362 | D:7      | Reached XP level 10. HP: 63/79 MP: 15/15
  6493 | D:7      | Found a blossoming altar of Fedhas.
  6723 | D:7      | Found a staircase to the Ecumenical Temple.
  6733 | D:7      | Got the Almanac of Ashen Enchantment
  6905 | D:8      | Found a burning altar of Makhleb.
  6905 | D:8      | Noticed a green death
  7014 | D:8      | Identified a scroll of acquirement
  7014 | D:8      | Acquired 1015 gold pieces
  7057 | D:8      | Reached ***** piety under Hepliaklqana
  7426 | D:9      | Noticed a cyclops
  7432 | D:9      | Found a staircase to the Lair.
  7432 | D:9      | Found a staircase to the Orcish Mines.
  7435 | D:9      | Killed a cyclops
  7771 | D:9      | Found a runed translucent gate.
  7771 | D:9      | Noticed HallandMoats's ghost (journeyman GrFi)
  7772 | D:9      | Found a runed translucent gate.
  7773 | D:9      | Found a runed translucent gate.
  7773 | D:9      | Identified the +4 chain mail of Quiet Fog {rN+ Int+4}
  8139 | D:9      | Found a shimmering altar of Xom.
  8154 | D:9      | Found the +3 pair of gauntlets of War {Slay+5}
  8158 | D:9      | Found a roughly hewn altar of Beogh.
  8171 | D:9      | Killed HallandMoats's ghost
  8172 | D:9      | Reached skill level 10 in Axes
  8172 | D:9      | Reached XP level 11. HP: 70/87 MP: 16/18
  8294 | D:10     | Entered Level 10 of the Dungeon
  8314 | D:10     | Noticed an orange crystal statue
  8398 | D:10     | Found an opulent altar of Gozag.
  8487 | D:10     | Gained mutation: Your muscles are strong. (Str +2) [potion
                  | of mutation]
  8487 | D:10     | Gained mutation: Your muscles are very strong. (Str +4)
                  | [potion of mutation]
  8585 | D:10     | Noticed a two-headed ogre
  8596 | D:10     | Killed a two-headed ogre
  8657 | D:10     | Found a sacrificial altar of Ru.
  8690 | D:10     | Found Ohiarup's General Store.
  8698 | D:10     | Bought a scroll of blinking for 82 gold pieces
  8741 | D:10     | Reached skill level 10 in Fighting
  8765 | D:10     | Noticed a two-headed ogre
  8771 | D:10     | Killed a two-headed ogre
  8772 | D:10     | Reached skill level 10 in Invocations
  8898 | D:10     | Found a shimmering blue altar of Sif Muna.
  9267 | D:10     | Killed an orange crystal statue
  9941 | D:11     | Noticed a two-headed ogre
  9944 | D:11     | Killed a two-headed ogre
 10327 | D:12     | Noticed a two-headed ogre
 10332 | D:12     | Killed a two-headed ogre
 10347 | D:12     | Reached ****** piety under Hepliaklqana
 10388 | D:12     | Noticed a cyan ugly thing
 10398 | D:12     | Killed a cyan ugly thing
 10399 | D:12     | Reached skill level 10 in Armour
 10399 | D:12     | Reached skill level 10 in Shields
 10399 | D:12     | Reached XP level 12. HP: 97/97 MP: 20/20
 10427 | D:12     | Noticed Psyche
 10432 | D:12     | Killed Psyche
 10514 | D:12     | Noticed a two-headed ogre
 10520 | D:12     | Killed a two-headed ogre
 10623 | D:12     | Noticed Kirke
 10634 | D:12     | Killed Kirke
 10841 | D:13     | Noticed a centaur warrior
 10849 | D:13     | Killed a centaur warrior
 11027 | D:13     | Found a gate to the Vaults.
 11027 | D:13     | Noticed an ironbound preserver
 11027 | D:13     | Noticed a centaur warrior
 11035 | D:13     | Killed a centaur warrior
 11035 | D:13     | Killed an ironbound preserver
 11133 | D:13     | Noticed Snorg
 11141 | D:13     | Killed Snorg
 11563 | D:13     | Reached XP level 13. HP: 58/106 MP: 22/22
 12293 | D:14     | Found a runed translucent door.
 12294 | D:14     | Noticed Mockok's ghost (adept HuCj)
 12312 | D:14     | Killed Mockok's ghost
 12323 | D:14     | Identified the +9 hunting sling "Budis" {freeze, rN++
                  | Str-2}
 12368 | D:14     | Noticed a fire dragon
 13017 | D:14     | Found an ancient bone altar of Kikubaaqudgha.
 13355 | D:15     | Entered Level 15 of the Dungeon
 13382 | D:15     | Found an iron altar of Okawaru.
 13475 | D:15     | Found a staircase to the Depths.
 13475 | D:15     | Noticed a dire elephant
 13490 | D:15     | Killed a dire elephant
 13824 | D:15     | Reached XP level 14. HP: 53/116 MP: 24/24
 14657 | D:15     | Upgraded the game from 0.29-a0-11-ga75d3d97ab to
                  | 0.29-a0-23-ga79f92ac9c
 14782 | Lair:1   | Entered Level 1 of the Lair of Beasts
 14838 | Lair:1   | Acquired the ring "Zual" {rF+ rN+ Will+ Str+3 Dex+6}
 15864 | Lair:2   | Found a staircase to the Snake Pit.
 16481 | Lair:3   | Found the +4 robe of Folly {Brilliance Will-∞ Int+8}
 16491 | Lair:3   | Reached skill level 15 in Axes
 17008 | Lair:4   | Noticed Nessos
 17153 | Lair:4   | Found a staircase to the Shoals.
 17243 | Lair:4   | Killed Nessos
 17482 | Lair:4   | Reached skill level 15 in Invocations
 17495 | Lair:4   | Reached XP level 15. HP: 82/125 MP: 26/26
 18152 | Lair:5   | Noticed Josephine
 18160 | Lair:5   | Killed Josephine
 18576 | Lair:5   | Noticed Urug
 18587 | Lair:5   | Killed Urug
 18622 | Lair:5   | Noticed Sonja
 18655 | Lair:5   | Killed Sonja
 18955 | Lair:6   | Entered Level 6 of the Lair of Beasts
 18965 | Lair:6   | Reached skill level 15 in Fighting
 18971 | Lair:6   | Found a runed translucent door.
 18971 | Lair:6   | Found a viscous altar of Jiyva.
 18972 | Lair:6   | Found a staircase to the Slime Pits.
 19380 | Lair:6   | Reached skill level 1 in Dodging
 19481 | Lair:6   | Identified the +1 hunting sling "Jeasinor" {freeze, +Blink}
 20205 | Lair:6   | Reached skill level 5 in Dodging
 20213 | Lair:6   | Reached XP level 16. HP: 134/134 MP: 27/27
 20688 | Orc:1    | Entered Level 1 of the Orcish Mines
 20966 | Orc:1    | Paralysed by an orc sorcerer for 3 turns
 21149 | Orc:1    | Paralysed by an orc sorcerer for 2 turns
 21380 | Orc:1    | Identified the +6 quarterstaff "Iwuezya" {vorpal, rN+
                  | Int+3}
 21399 | Orc:1    | Identified the +7 dagger "Voeddieg" {vorpal, *Slow Str+5
                  | Int+6}
 21423 | Orc:1    | Found the ring of the Tortoise {AC+8}
 21556 | Orc:1    | Found Otonkir's General Store.
 21560 | Orc:1    | Found Ryeth's Specific Store.
 21570 | Orc:1    | Bought a scroll of silence for 120 gold pieces
 21987 | Orc:2    | Entered Level 2 of the Orcish Mines
 22018 | Orc:2    | Found Virodar's Jewellery Shoppe.
 22154 | Orc:2    | Found a transporter.
 22157 | Orc:2    | Found a transporter.
 22165 | Orc:2    | Found a bloodstained altar of Trog.
 22180 | Orc:2    | Noticed backslashecho's ghost (journeyman MiCA)
 22221 | Orc:2    | Killed backslashecho's ghost
 22383 | Orc:2    | Found a staircase to the Elven Halls.
 22387 | Orc:2    | Found Ibbeestra's Antique Weapon Shoppe.
 22431 | Orc:2    | Found Luxirauxt's Antique Armour Emporium.
 22469 | Orc:2    | Bought a glowing war axe for 162 gold pieces
 22483 | Orc:2    | Bought a glowing hat for 238 gold pieces
 22486 | Orc:2    | Found Datoem's General Store.
 22601 | Orc:2    | Found Uwenkom's Assorted Antiques.
 22610 | Orc:2    | Bought a scroll of enchant armour for 232 gold pieces
 22957 | Snake:1  | Entered Level 1 of the Snake Pit
 23240 | Snake:1  | Found Beukhlai's Antique Weapon Boutique.
 23257 | Snake:1  | Noticed Azrael
 23285 | Snake:1  | Killed Azrael
 23905 | Snake:1  | Found Maemurch's Magic Scroll Boutique.
 23915 | Snake:1  | Bought a scroll of blinking for 82 gold pieces
 23915 | Snake:1  | Bought a scroll of summoning for 104 gold pieces
 23915 | Snake:1  | Bought a scroll of enchant armour for 82 gold pieces
 23915 | Snake:1  | Bought a scroll of brand weapon for 220 gold pieces
 24411 | Snake:2  | Found Ylaigeg's General Store.
 24421 | Snake:2  | Bought the +11 chain mail of the Present {+Inv rCorr Str+6
                  | Int-2} for 1225 gold pieces
 24512 | Snake:2  | Noticed Saint Roka
 24546 | Snake:2  | Slain by Saint Roka

Illustrated notes

Levels and vault maps discovered:
D:1:      dpeg_arrival_radiant, layout_basic,
          hellmonk_ecumenical_altar_slurped_away, amethyst_killhole
D:2:      layout_loops_ring
D:3:      layout_basic, serial_forest, infiniplex_forest_lined_corner,
          infiniplex_forest_straight_3, infiniplex_forest_straight_2,
          infiniplex_forest_zigzag_1, infiniplex_forest_fountain
D:4:      layout_gridville, riverfiend_overflow_shadow_ancestor, serial_glass,
          glass_columns_c, glass_columns_b, uniq_menkaure
D:5:      layout_basic, mainiacjoe_overflow_boulevard, gup_sewer_entry_glass
D:6:      layout_rooms, nicolae_uskayaw_en_pointe, chequers_arboretum,
          corexii_corridor_pit, uniq_maggie, uniq_sigmund, uniq_edmund,
          uniq_pikel
D:7:      layout_cave_pools, fedhas_altar_3, minmay_temple_entry_offerings,
          grunt_ministairs_2, minmay_a_box_with_orc_wizards_in_it
D:8:      layout_rooms, makhleb_altar_promises_db
D:9:      nicolae_cairo_tiling_very_big, layout_irregular_city,
          kennysheep_mini_moat, orc_0_dummy, biasface_ghost_orc_armoury
D:10:     layout_basic, kennysheep_little_box, led_sif_pool,
          mainiacjoe_overflow_brackets, serial_shops, shop,
          chequers_serial_rivers_micro_a, minmay_statue_bubble
D:11:     layout_cave_pools
D:12:     layout_cave_pools, serial_park, serial_park_tiny_1, serial_park_paths
          [serial_park_minivault_5x5_1], serial_park_tiny_1, serial_park_tiny_1,
          serial_park_gazebo [serial_park_minivault_5x5_7], uniq_kirke,
          uniq_psyche
D:13:     layout_roguey, skrybe_vaults_entry_preservation, uniq_snorg
D:14:     layout_roguey [special_room_bee], roderic_roman_lattice,
          ebering_ghost_reflecting_pool, lemuel_zombie_altar_kikubaaqudgha
D:15:     hangedman_depths_entry_try_elsewhere_first, layout_cross,
          gauntlet_entry_generic, solitary_fountain, okawaru_metal_pillars_3
Lair:1:   lemuel_reptile_caves, layout_cave_pods
Lair:2:   layout_gridlike, guppyfry_snake_entry_island,
          infiniplex_staircase_pool
Lair:3:   layout_cave_shapes, dreamdust_deal_with_the_devil,
          chequers_serial_rivers_room_a, wad_woods_01
Lair:4:   layout_small_grid, shoals_dummy_entry, uniq_nessos
Lair:5:   layout_hall_layers, uniq_josephine, uniq_urug, uniq_sonja
Lair:6:   hangedman_lair_in_review, layout_hall_layers,
          guppyfry_lair_end_dragon, slime_altar_2
Snake:1:  layout_chambers, serial_shops, nicolae_shop_stone, nicolae_shop_stone,
          drop_trap, uniq_azrael
Snake:2:  layout_basic, minmay_shop_star, uniq_saint_roka
Orc:1:    giant_chief_lemuel, layout_caves, nicolae_specific_store
Orc:2:    grunt_orc_gardens, layout_caves, grunt_orc_garden, grunt_orc_garden,
          grunt_orc_garden, grunt_orc_garden, gammafunk_ghost_wrathful_warriors,
          serial_shops, shop, mines5_lemuel

Skill      XL: |  1  2  3  4  5  6  7  8  9 10 11 12 13 14 15 16 |
---------------+-------------------------------------------------+-----
Axes           | 3 4 5 7 8 10 11 12 14 15 16 | 16.2
Fighting       | 4 5 6 7 8 9 10 12 13 14 15 16 | 16.4
Armour         | 4 5 6 7 8 10 11 12 13 14 | 14.6
Shields        | 4 5 6 7 8 10 11 12 13 14 | 14.5
Invocations    | 2 3 4 6 7 9 11 12 13 15 16 | 16.2
Dodging        | 5 8 |  8.5

Action                   |  1- 3 |  4- 6 |  7- 9 | 10-12 | 13-15 | 16-18 || total
-------------------------+-------+-------+-------+-------+-------+-------++-------
Melee: War axe           |    40 |    78 |   118 |   307 |   774 |   313 ||  1630
Invok: Ancestor Life: Ba |       |     1 |       |       |       |       ||     1
  Use: Scroll            |       |     9 |     6 |    13 |     8 |     7 ||    43
       Potion            |       |       |       |     1 |     5 |     5 ||    11
 Stab: Distracted        |       |       |     1 |     1 |     7 |     3 ||    12
Armor: Scale mail        |    10 |    23 |       |       |       |       ||    33
       Chain mail        |       |    20 |    95 |    85 |       |     5 ||   205
       Plate armour      |       |       |       |   129 |   584 |   105 ||   818
Dodge: Dodged            |    13 |    27 |    42 |   109 |   249 |   123 ||   563
Block: Buckler           |     5 |    18 |    30 |    94 |   258 |    81 ||   486
       Kite shield       |       |       |       |       |       |    11 ||    11

Table legend: (Time is in decaauts)
 A = Elapsed time spent in this place.
 B = Non-inter-level travel time spent in this place.
 C = Inter-level travel time spent in this place.
 D = Time resting spent in this place.
 E = Time spent auto-exploring this place.
 F = Levels seen in this place.
 G = Mean time per level.
                   A        B        C        D        E       F      G
               +--------+--------+--------+--------+--------+-----+--------+
         Total |  24524 |  23532 |    992 |   4446 |  14560 |  26 |  943.2 |
       Dungeon |  14752 |  14207 |    545 |   2950 |   8858 |  15 |  983.5 |
          Lair |   5977 |   5615 |    362 |   1190 |   3180 |   6 |  996.2 |
     Snake Pit |   1565 |   1543 |     22 |     99 |   1175 |   2 |  782.5 |
  Orcish Mines |   2100 |   2037 |     63 |    206 |   1275 |   2 | 1050.0 |
         Sewer |    128 |    128 |      0 |      0 |     72 |   1 |  128.0 |
               +--------+--------+--------+--------+--------+-----+--------+

Top non-repeatable levels by time:
  Lair:6: 1580 daAuts
    D:10: 1528 daAuts
 Snake:1: 1400 daAuts
    D:15: 1322 daAuts
   Orc:1: 1288 daAuts
    D:14: 1287 daAuts
     D:6: 1281 daAuts
    D:13: 1280 daAuts
     D:4: 1120 daAuts
  Lair:4: 1106 daAuts
     D:3: 1097 daAuts
     D:9: 1031 daAuts
     D:1: 1011 daAuts
  Lair:1: 960 daAuts
     D:2: 901 daAuts
